 Dungeon Crawl Stone Soup version 0.25-a0-85-g7617fd2bc2 (webtiles) character file.

Game seed: 2467898368340784298, levelgen mode: deterministic

828 D1HalberdGnoll the Covert (level 7, -9/66 HPs)
             Began as a Naga Assassin on Nov 8, 2019.
             Was a Believer of Fedhas.
             Mangled by an ogre
             ... wielding a cursed -1 giant club
              (14 damage)
             ... on level 5 of the Dungeon.
             The game lasted 00:12:25 (6912 turns).

D1HalberdGnoll the Covert (Naga Assassin)           Turns: 6912, Time: 00:12:26

Health: -9/66      AC:  6    Str: 14    XL:     7   Next: 97%
Magic:  5/7        EV:  9    Int: 12    God:    Fedhas [**....]
Gold:   302        SH:  0    Dex: 13    Spells: 6/6 levels left

rFire    + + .     SeeInvis +   a - +3 dagger
rCold    + . .     Gourm    .   (no shield)
rNeg     . . .     Faith    .   i - +1 leather armour {rF+}
rPois    +         Spirit   .   g - +0 helmet
rElec    .         Reflect  .   r - scarf {rC+ rF+}
rCorr    .         Harm     .   (no gloves)
MR       +....                  (no barding)
Stlth    +++++.....             (no amulet)
HPRegen  0.21/turn              v - ring of protection from magic
MPRegen  0.10/turn              (no ring)

@: very slow
A: large, see invisible, deformed body, poison resistance, slowness 2, slow
metabolism 1, spit poison 1, AC +2
a: Spit Poison, Wall of Briars, Renounce Religion


You were on level 5 of the Dungeon.
You worshipped Fedhas.
Fedhas was pleased with you.
You were not hungry.

You visited 1 branch of the dungeon, and saw 5 of its levels.

You collected 302 gold pieces.

Inventory:

Hand Weapons
 a - a +3 dagger (weapon)
Missiles
 d - a poisoned dart (quivered)
 e - 8 curare-tipped darts
 p - 4 silver javelins
Armour
 g - a +0 helmet (worn)
 i - a +1 leather armour of fire resistance (worn)
 r - a scarf of resistance (worn)
Jewellery
 v - a ring of protection from magic (left hand)
Scrolls
 b - a scroll of amnesia {unknown}
 c - 3 scrolls of teleportation {unknown}
 h - 4 scrolls of remove curse
 j - 2 scrolls of enchant weapon
 k - 6 scrolls of identify
 m - a scroll of magic mapping {unknown}
 o - a scroll of noise {unknown}
 q - a scroll of random uselessness {unknown}
Potions
 l - a potion of cancellation
 s - a potion of brilliance
 w - a potion of degeneration
Comestibles
 f - 4 rations
 n - 4 chunks of flesh


   Skills:
 + Level 4.8 Fighting
 - Level 2.0 Short Blades
 - Level 1.7 Throwing
 + Level 2.6 Armour
 - Level 0.7 Dodging
 * Level 11.4 Stealth


You had 6 spell levels left.
You didn't know any spells.
Your spell library was empty.

Dungeon Overview and Level Annotations

Branches:
Dungeon (5/15)
 Temple: D:4-7

Altars:
Fedhas


Innate Abilities, Weirdness & Mutations

You cannot wear boots.
Your serpentine skin is tough. (AC +2)
You have supernaturally acute eyesight. (SInv)
Armour fits poorly on your strangely shaped body.
Your system is resistant to poisons. (rPois)
You cover ground very slowly.
You have a slow metabolism.
You can spit poison.


Message History

The ogre hits you but does no damage.
You hit the ogre.
The ogre is severely wounded.
The killer bee zombie hits you.
* * * LOW HITPOINT WARNING * * *
The killer bee zombie barely misses you.
The ogre hits you with a cursed -1 giant club!!
* * * LOW HITPOINT WARNING * * *
You slither carefully through the plants.
The killer bee zombie hits you.
* * * LOW HITPOINT WARNING * * *
The killer bee zombie barely misses you.
The killer bee zombie closely misses you.
As you read the scroll labeled QUOMIZXAEFA, it crumbles to dust.
It is a scroll of enchant weapon.
Your +2 dagger glows red for a moment.
The ogre looks more healthy.
The killer bee zombie hits you but does no damage.
The ogre hits you with a cursed -1 giant club!
You die...
Fedhas appreciates your contribution to the ecosystem.

.#.........##.....#...#####
.##......[##.>...###...#..#
..................#.......#
...###....................#
...###...................###
.#..#..###........#........##
.#.###)# #.###...P##(###....#
##[(...#...###.ZPOa(###...###
...##.......##..@##.# #.O.#
..###................##..##
...###.......##...........#
.............#...............
...................##..##....#
...............##.###.5.
#..... .....#......... #.#
##$## ...... .....#.......#.
.# #. ....## .a ..J..


You could see an ogre, a worker ant, a shadow imp (wandering) and a killer bee
zombie.

Vanquished Creatures
  Sigmund (D:4)
  A sky beast (D:4)
  An ogre (D:5)
  A howler monkey (D:4)
  An orc priest (D:4)
  5 orc wizards
  A worker ant (D:3)
  3 gnolls (D:4)
  7 adders
  2 oozes (D:1)
  An adder zombie (D:5)
  3 worms
  2 leopard geckos (D:3)
  25 orcs
  11 bats
  7 giant cockroaches
  14 goblins
  10 hobgoblins
  10 jackals
  3 quokkas (D:2)
  5 frilled lizards
  8 kobolds
  12 rats
134 creatures vanquished.

Vanquished Creatures (collateral kills)
  An orc priest (D:4)
  An orc (D:4)
  A leopard gecko skeleton (D:4)
3 creatures vanquished.

Grand Total: 137 creatures vanquished

Notes
Turn   | Place    | Note
-------+----------+-------------------------------------------
     0 | D:1      | D1HalberdGnoll the Naga Assassin began the quest for the
                  | Orb.
     0 | D:1      | Reached XP level 1. HP: 19/19 MP: 1/1
   106 | D:1      | Reached skill level 6 in Stealth
   129 | D:1      | Reached XP level 2. HP: 22/26 MP: 2/2
   427 | D:1      | Reached XP level 3. HP: 27/33 MP: 3/3
   432 | D:1      | Reached skill level 7 in Stealth
  1678 | D:2      | Reached XP level 4. HP: 32/40 MP: 4/4
  1744 | D:2      | Found a blossoming altar of Fedhas.
  1750 | D:2      | Became a worshipper of Fedhas Madash
  2296 | D:2      | Reached skill level 8 in Stealth
  2959 | D:2      | Reached XP level 5. HP: 44/49 MP: 5/5
  3051 | D:2      | Reached * piety under Fedhas
  3648 | D:2      | Reached skill level 9 in Stealth
  4773 | D:3      | Reached XP level 6. HP: 28/56 MP: 6/6
  5016 | D:4      | Reached skill level 1 in Armour
  5190 | D:4      | Reached ** piety under Fedhas
  5482 | D:4      | Reached skill level 10 in Stealth
  5825 | D:4      | Reached XP level 7. HP: 60/64 MP: 7/7
  6232 | D:5      | Entered Level 5 of the Dungeon
  6477 | D:5      | Noticed Sigmund
  6506 | D:4      | Killed Sigmund
  6506 | D:4      | Reached skill level 11 in Stealth
  6912 | D:5      | Mangled by an ogre

Levels and vault maps discovered:
D:1:      erik_arrival_gehennom, layout_loops_ring, minmay_tetromino_o4
D:2:      minmay_diamond_boxcup, layout_basic, old_standard_altar
D:3:      layout_basic, minmay_goblin_kobold_house
D:4:      layout_rooms, first_ration
D:5:      layout_cave_pools, uniq_sigmund

Skill      XL: |  1  2  3  4  5  6  7 |
---------------+----------------------+-----
Stealth        | 6 7 8 9 10 11 | 11.4
Fighting       | 3 4 |  4.8
Armour         | 1 2 |  2.6
Short Blades   | |  2.0
Throwing       | |  1.7
Dodging        | |  0.7

Action                   |  1- 3 |  4- 6 |  7- 9 || total
-------------------------+-------+-------+-------++-------
Melee: Dagger            |   121 |   291 |    99 ||   511
Throw: Dart              |       |    24 |    17 ||    41
Invok: Wall of Briars    |       |     1 |     1 ||     2
 Abil: Spit Poison       |     3 |    18 |     8 ||    29
  Use: Potion            |       |     6 |       ||     6
       Scroll            |       |     1 |     4 ||     5
 Stab: Sleeping          |    12 |    15 |     1 ||    28
  Eat: Chunk             |     2 |     9 |     2 ||    13
       Ration            |       |     1 |       ||     1
Armor: Robe              |    25 |       |       ||    25
       Ring mail         |    17 |   145 |    41 ||   203
       Leather armour    |       |       |     9 ||     9
Dodge: Dodged            |    57 |   129 |    54 ||   240

Table legend:
 A = Non-vault XP
 B = Vault XP
 C = Vault XP percentage of total XP
 D = Non-vault monster count
 E = Vault monster count
 F = Vault count percentage of total count
                 A         B        C        D         E       F
            +---------+---------+-------+---------+---------+-------
      Total |     927 |     257 |  21.7 |     116 |      21 |  15.3
            +---------+---------+-------+---------+---------+-------
        D:1 |      47 |      22 |  31.9 |      28 |       7 |  20.0
        D:2 |     164 |      24 |  12.8 |      37 |       7 |  15.9
        D:3 |      58 |       6 |   9.4 |      13 |       6 |  31.6
        D:4 |     531 |     205 |  27.9 |      35 |       1 |   2.8
        D:5 |     127 |       0 |   0.0 |       3 |       0 |   0.0
            +---------+---------+-------+---------+---------+-------
